AoeStats
← 军军

Four Lakes

509884162Analyzed
1v1 RM · 5d ago on Sep 28, 2026· 23m 38s· 2 players
Game mode
Random Map
Map size
Tiny (2 player)
Population
200
Speed
Normal
Resources
Standard
Victory
Conquest
Starting age
Dark Age
Ending age
Imperial Age
RankedLock teamsTeams togetherTeam positionsShared explorationLock speedFull tech treeHidden civsTurbo modeCheats
Victory
Defeat
🇨🇳 Teutons · China
798
+18
🇹🇼 Danes · Taiwan
831
-18
watchout0723
2:49 Loom
10:56 Feudal Age
11:02 Man-at-Arms
16:16 Forging
17:54 Fletching
21:40 Padded Archer Armor
军军
8:16 Loom
10:42 Feudal Age
10:49 Man-at-Arms
11:44 Horse Collar
11:52 Double-Bit Axe
15:22 Scale Mail Armor
16:48 Forging
23:25 Castle Age
22:01 Wheelbarrow
21:52 Bloodlines
23:08 Scale Barding Armor
23:33 Long Swordsman
24:14 Squires
Connection lost

Rejoining the realm…

Still unreachable

The connection could not be restored.

Session expired

The server has moved on; the page needs a fresh start.